 Dungeon Crawl Stone Soup version 0.31-a0-210-gccc998df9b (webtiles) character file.

Game seed: 13495293614160414656

81 qw the Shield-Bearer (level 4, -1/28 HPs)
             Began as a Gargoyle Fighter on June 29, 2023.
             Slain by an orc wizard
             ... wielding a +0 dagger
              (3 damage)
             ... on level 3 of the Dungeon.
             The game lasted 00:00:49 (1683 turns).

qw the Shield-Bearer (Gargoyle Fighter)             Turns: 1683, Time: 00:00:49

Health: -1/28      AC: 13    Str: 22    XL:     4   Next: 40%
Magic:  4/4        EV:  7    Int:  8    God:
Gold:   61         SH:  8    Dex:  9    Spells: 3/3 levels left

rFire   . . .        Y - +0 war axe
rCold   . . .        l - +0 kite shield
rNeg    + . .        h - +0 chain mail
rPois   inf          a - +0 helmet
rElec   +            (no cloak)
rCorr   .            (no gloves)
SInv    .            (no boots)
Will    .....        j - amulet of faith Stlth
                     (no ring)
HPRegen 0.24/turn    (no ring)
MPRegen 0.09/turn

%: faith
@: no status effects
A: sickness immunity, AC +3, negative energy resistance 1, electricity
resistance, torment resistance 1, petrification resistance
a: no special abilities


You were on level 3 of the Dungeon.
You visited 1 branch of the dungeon, and saw 3 of its levels.

You collected 106 gold pieces.
You spent 45 gold pieces at shops.


Innate Abilities, Weirdness & Mutations

You are immune to sickness and miasma.
Your stone body is resilient. (AC +3)
You are immune to poison.
You resist negative energy. (rN+)
You are resistant to electric shocks. (rElec)
You are resistant to unholy torment.
You are immune to petrification.


   Skills:
 - Level 3.2 Fighting
 + Level 3.6 Axes
 - Level 3.2 Armour
 - Level 4.0 Shields


You had 3 spell levels left.
You didn't know any spells.
Your spell library was empty.

Inventory:

Hand Weapons
 i - a +0 club
 Y - a +0 war axe (weapon)
Armour
 a - a +0 helmet (worn)
 h - a +0 chain mail (worn)
 l - a +0 kite shield (worn)
Jewellery
 j - an amulet of faith (around neck)
Scrolls
 b - a scroll of amnesia {unknown}
Potions
 c - a potion of ambrosia {unknown}
 d - a potion of might
 e - 3 potions of curing
 f - a potion of heal wounds {unknown}
 g - a potion of mutation {unknown}
 k - 2 potions of haste
 m - a potion of attraction {unknown}
 n - a potion of magic {unknown}

Dungeon Overview and Level Annotations

Branches:
Dungeon (3/15)

Altars:
Sif Muna

Shops:
D:2 =*[[

Annotations:
D:3 3 runed translucent doors, Grinder; qw's ghost, amateur MiHs


Message History

Grinder comes into view.
Enter note:
Enter note: The orc shouts!
You hear a shout!
An orc wizard comes into view. It is wielding a +0 dagger.
Enter note:
Enter note: You closely miss Grinder.
The orc wizard shouts!
You hear a shout!
A gnoll comes into view. It is wielding a +0 club.
The orc priest invokes the aid of Beogh against you.
Pain shoots through your body! Grinder hits you but does no damage.
An orc priest comes into view. It is wielding a +0 war axe.
Grinder gestures at you.
You suddenly lose the ability to move!
The gnoll moves out of view.
You hear a shout!
The orc priest shouts!
The orc priest looks satisfied for a moment.
The orc wizard casts a spell at you.
The puff of flame hits you but does no damage.
Grinder hits you but does no damage.
The orc priest calls down the wrath of Beogh upon you.
Beogh smites you!
Grinder blinks!
You can move again.
You slash the gnoll!
The gnoll is almost dead.
The gnoll hits you but does no damage.
The orc priest mumbles some strange prayers to Beogh against you.
Beogh smites you!
A goblin comes into view. It is wielding a +0 dagger.
You slash the gnoll!
You kill the gnoll!
You hit the orc.
Grinder blinks!
You block the orc's attack. The orc barely misses you.
You barely miss the orc.
The orc is almost dead.
You hit the orc priest but do no damage.
You hit the orc wizard but do no damage.
The orc priest barely misses you. The orc hits you but does no damage.
The orc wizard hits you with a +0 dagger.
You die...

#.###..###'###
#.#....##........%....
. >....#####..###...#
###...5...####..#
##..# ..)#..g........#
##.# #...o...#####.#
#.# .#.##.....# ####.#
#.# ......ooo# #....#
#.# #@# #.#### #.#
#.#####.########.#
#.................
#######.########.# #.#
#.# #.# #.# #.# #.#
#.# ##.. #[# #...


You could see Grinder, 2 orc priests, an orc wizard, an orc and a goblin.

Vanquished Creatures
  Terence (D:3)
  A gnoll (D:3)
  A worm (D:2)
  A dart slug (D:1)
  5 bats
  5 endoplasms
  A giant cockroach (D:2)
  4 goblins
  3 hobgoblins
  7 kobolds
  6 ball pythons
  4 frilled lizards
  2 rats
41 creatures vanquished.

Notes
Turn   | Place    | Note
-------+----------+-------------------------------------------
     0 | D:1      | qw the Gargoyle Fighter began the quest for the Orb.
     0 | D:1      | Reached XP level 1. HP: 14/14 MP: 1/1
     0 | D:1      | 0 ||| qw: Version: 0.3-a-24-ga2abf7b
     0 | D:1      | 0 ||| qw: Game counter: 6874
     0 | D:1      | 0 ||| qw: Melee chars always use a shield: true
     0 | D:1      | 0 ||| qw: God list: Okawaru
     0 | D:1      | 0 ||| qw: Allow faded altars: false
     0 | D:1      | 0 ||| qw: Do Orc after clearing Dungeon:15 true
     0 | D:1      | 0 ||| qw: Do second Lair branch before Depths: true
     0 | D:1      | 0 ||| qw: Lair rune preference: random
     0 | D:1      | 0 ||| qw: Goals: Normal, Zot:1-4, Slime:5, God:TSO, Crypt,
                  | Tomb, Abyss, Pan, Hells, Win
     0 | D:1      | 0 ||| PLANNING D:1-11
    49 | D:1      | You fall into a shaft and drop 1 floor!
    85 | D:2      | Found Fedeitt's Assorted Antiques.
    94 | D:2      | 94 ||| SHOPLISTING 2 potions of might (192 gold, have 0).
    94 | D:2      | 94 ||| SHOPLISTING 2 scrolls labelled OQIZYCSARCHO (48
                  | gold, have 0).
    94 | D:2      | 94 ||| SHOPLISTING glowing orb (288 gold, have 0).
    94 | D:2      | 94 ||| SHOPLISTING helmet (108 gold, have 0).
    94 | D:2      | 94 ||| SHOPLISTING sapphire potion (21 gold, have 0).
    94 | D:2      | 94 ||| SHOPLISTING scroll labelled IGAIHA PEXIRYIQAUPH (24
                  | gold, have 0).
    94 | D:2      | 94 ||| SHOPLISTING scroll labelled MURA LEWOYR (24 gold,
                  | have 0).
    94 | D:2      | 94 ||| SHOPLISTING scroll labelled RESUTUU NYICS (24 gold,
                  | have 0).
    94 | D:2      | 94 ||| SHOPLISTING scroll labelled ROTYVVU AGIJ (24 gold,
                  | have 0).
    94 | D:2      | 94 ||| SHOPLISTING tiny ruby amulet (120 gold, have 0).
   100 | D:2      | 100 ||| Stepping ~*~*~tactically~*~*~ (hiding).
   107 | D:2      | Reached XP level 2. HP: 19/19 MP: 2/2
   212 | D:2      | 212 ||| READING scroll labelled BISAFEIMUO.
   355 | D:1      | 355 ||| Stepping ~*~*~tactically~*~*~ (stealth).
   356 | D:1      | 356 ||| Stepping ~*~*~tactically~*~*~ (stealth).
   357 | D:1      | 357 ||| Stepping ~*~*~tactically~*~*~ (stealth).
   362 | D:1      | 362 ||| Stepping ~*~*~tactically~*~*~ (stealth).
   377 | D:1      | 377 ||| Stepping ~*~*~tactically~*~*~ (hiding).
   380 | D:1      | 380 ||| Stepping ~*~*~tactically~*~*~ (hiding).
   817 | D:1      | Reached skill level 3 in Axes
   875 | D:1      | Reached XP level 3. HP: 22/23 MP: 3/3
   914 | D:1      | 914 ||| UPGRADING to +0 chain mail.
   924 | D:1      | 924 ||| DROPPING +0 scale mail.
   925 | D:1      | 925 ||| UPGRADING to amulet of faith.
   930 | D:1      | 930 ||| DROPPING ring of magical power.
   931 | D:1      | 931 ||| READING scroll labelled TEEGUVVUNYN.
  1023 | D:2      | Found Tunyelot's Armour Shop.
  1036 | D:2      | 1036 ||| BUYING +0 helmet (45 gold).
  1036 | D:2      | Bought a +0 helmet for 45 gold pieces
  1036 | D:2      | 1036 ||| SHOPLISTING +2 chain mail of fire resistance (215
                  | gold, have 9).
  1036 | D:2      | 1036 ||| SHOPLISTING +2 pair of boots of Loss {rF+ MP+9
                  | Int+3} (537 gold, have 9).
  1036 | D:2      | 1036 ||| SHOPLISTING +3 warlock's mirror {omnireflect} (400
                  | gold, have 9).
  1130 | D:2      | Found Raucrait's Jewellery Shoppe.
  1135 | D:2      | 1135 ||| SHOPLISTING +6 ring of strength (360 gold, have
                  | 23).
  1135 | D:2      | 1135 ||| SHOPLISTING amulet "Qaomp" {Reflect -Tele *Slow
                  | Slay+5 SH+5 SInv} (496 gold, have 23).
  1135 | D:2      | 1135 ||| SHOPLISTING amulet of Vitality {RegenMP++ Regen++}
                  | (1000 gold, have 23).
  1135 | D:2      | 1135 ||| SHOPLISTING amulet of reflection (300 gold, have
                  | 23).
  1135 | D:2      | 1135 ||| SHOPLISTING ring of protection from cold (250
                  | gold, have 23).
  1202 | D:2      | 1202 ||| Stepping ~*~*~tactically~*~*~ (hiding).
  1203 | D:2      | 1203 ||| Stepping ~*~*~tactically~*~*~ (hiding).
  1239 | D:2      | Found Begucsef's Antique Armour Emporium.
  1248 | D:2      | 1248 ||| SHOPLISTING pair of boots (99 gold, have 41).
  1248 | D:2      | 1248 ||| SHOPLISTING runed scale mail (154 gold, have 41).
  1395 | D:2      | 1395 ||| UPGRADING to +0 helmet.
  1400 | D:2      | 1400 ||| UPGRADING to +0 kite shield.
  1410 | D:2      | 1410 ||| DROPPING +0 buckler.
  1411 | D:2      | 1411 ||| READING scroll labelled RESUTUU NYICS.
  1415 | D:2      | 1415 ||| DRINKING 2 amethyst potions.
  1477 | D:3      | Noticed Terence
  1484 | D:3      | Killed Terence
  1485 | D:3      | Reached skill level 4 in Shields
  1485 | D:3      | Reached XP level 4. HP: 22/28 MP: 4/4
  1552 | D:3      | Found a runed translucent gate.
  1553 | D:3      | Found a runed translucent gate.
  1554 | D:3      | Found a runed translucent gate.
  1556 | D:3      | Noticed qw's ghost (amateur MiHs)
  1633 | D:3      | Found a shimmering blue altar of Sif Muna.
  1676 | D:3      | Noticed Grinder
  1678 | D:3      | Paralysed by Grinder for 3 turns
  1681 | D:3      | HP: 1/28 [orc priest/divine providence (11)]
  1683 | D:3      | Slain by an orc wizard

Levels and vault maps discovered:
D:1:      amcnicky_arrival_single_pillar, layout_loops_cross
D:2:      layout_rooms, serial_shops, nicolae_shop_rolling_square, shop, shop,
          shop, st_stairs_3, hex_tiny, kennysheep_nub, dk_noncrumbling_3,
          minmay_strange_pillars
D:3:      layout_loops_ring, lemuel_doored_altar, gammafunk_ghost_split,
          uniq_terence, uniq_grinder

Skill      XL: |  1  2  3 |
---------------+----------+-----
Axes           | 2 3 |  3.6
Shields        | 4 |  4.0
Fighting       | |  3.2
Armour         | |  3.2

Action                     |  1- 3 |  4- 6 || total
---------------------------+-------+-------++-------
  Melee: War axe           |   108 |     6 ||   114
    Use: Scroll            |     3 |       ||     3
         Potion            |     1 |       ||     1
 Armour: Scale mail        |    19 |       ||    19
         Chain mail        |    29 |     5 ||    34
  Dodge: Dodged            |    49 |     2 ||    51
  Block: Buckler           |    14 |       ||    14
         Kite shield       |     4 |     1 ||     5

Table legend:
 A = Non-vault XP
 B = Vault XP
 C = Vault XP percentage of total XP
 D = Non-vault monster count
 E = Vault monster count
 F = Vault count percentage of total count
                 A         B        C        D         E       F
            +---------+---------+-------+---------+---------+-------
      Total |      77 |      39 |  33.6 |      38 |       3 |   7.3
            +---------+---------+-------+---------+---------+-------
        D:1 |      27 |       0 |   0.0 |      16 |       0 |   0.0
        D:2 |      28 |       3 |   9.7 |      15 |       2 |  11.8
        D:3 |      22 |      36 |  62.1 |       7 |       1 |  12.5
            +---------+---------+-------+---------+---------+-------
